 Dungeon Crawl Stone Soup version 0.31-a0-198-g2ad674f65e (webtiles) character file.

Game seed: 5270572599517781318

338 qw the Skirmisher (level 6, -9/35 HPs)
             Began as a Deep Elf Hunter on June 25, 2023.
             Mangled by Duvessa
             ... wielding a +0 short sword
              (15 damage)
             ... on level 4 of the Dungeon.
             The game lasted 00:01:11 (2929 turns).

qw the Skirmisher (Deep Elf Hunter)                 Turns: 2929, Time: 00:01:11

Health: -9/35      AC:  7    Str: 10    XL:     6   Next: 29%
Magic:  8/8        EV: 11    Int: 14    God:
Gold:   150        SH:  0    Dex: 18    Spells: 5/5 levels left

rFire   . . .        Y - +0 shortbow
rCold   . . .        (shield currently unavailable)
rNeg    . . .        b - +0 ring mail
rPois   .            (no helmet)
rElec   .            (no cloak)
rCorr   .            c - +1 pair of gloves
SInv    .            (no boots)
Will    .....        (no amulet)
Stlth   +            (no ring)
HPRegen 0.25/turn    (no ring)
MPRegen 0.11/turn

%: no passive effects
@: no status effects
A: no striking features
a: no special abilities


You were on level 4 of the Dungeon.
You visited 1 branch of the dungeon, and saw 4 of its levels.

You collected 150 gold pieces.


   Skills:
 - Level 2.0 Fighting
 + Level 9.8 Ranged Weapons
 - Level 2.4 Dodging
 - Level 1.2 Stealth


You had 5 spell levels left.
You didn't know any spells.
Your spell library was empty.

Inventory:

Hand Weapons
 Y - a +0 shortbow (weapon)
Armour
 b - a +0 ring mail (worn)
 c - a +1 pair of gloves (worn)
Scrolls
 f - 2 scrolls of identify
 i - a scroll of enchant weapon {unknown}
Potions
 a - a potion of cancellation
 e - 2 potions of curing
 g - a potion of haste {unknown}
 h - a potion of degeneration {unknown}

Dungeon Overview and Level Annotations

Branches:
Dungeon (4/15)
 Temple: D:4-7

Altars:
Vehumet
Zin

Annotations:
D:4 Duvessa


Message History

The ball python hisses angrily.
Dowan casts a spell.
Dowan blinks!
The hobgoblin barely misses you.
You shoot an arrow. The arrow hits the hobgoblin.
You kill the hobgoblin!
A goblin comes into view. It is wielding a +0 dagger.
You shoot an arrow. The arrow hits the ball python!
You kill the ball python!
The goblin unwields a +0 dagger.
The goblin wields a +0 sling.
The goblin shoots a sling bullet.
The sling bullet closely misses you.
You shoot an arrow. The arrow hits the goblin.
You kill the goblin!
You start resting.
Dowan is nearby!
You shoot an arrow. The arrow barely misses Dowan.
You shoot an arrow. The arrow hits Dowan.
Dowan is heavily wounded.
You shoot an arrow. The arrow hits Dowan!
You kill Dowan!
You hear a distant scream of rage.
Your life force feels restored.
You start resting.
HP restored.
Duvessa, Sister of Dowan comes into view.
She is wielding a +0 short sword.
Things that are here:
a +2 dagger of draining; a +0 robe; the elf corpse of Dowan You shoot an arrow.
The arrow hits Duvessa but does no damage.
Duvessa goes berserk!
Enter note:
Enter note: Duvessa barely misses you.
Enter note:
Enter note: You shoot an arrow.
The arrow hits Duvessa.
Duvessa is lightly wounded.
Duvessa hits you with a +0 short sword!
You shoot an arrow. The arrow closely misses Duvessa.
Duvessa hits you with a +0 short sword! x2
You die...

#######.####
...).. #....#
#....## ......
#.....
#.....#####......
######
#......##.......
#....#..#.....#
#######.......#
##......#
#).....##
##.@....#
##e.......
.........
...%......
...........
####.)......
#........
#........


You could see Duvessa (berserk).

Vanquished Creatures
  An ogre (D:4)
  Dowan (D:4)
  A hound (D:4)
  An iguana (D:4)
  An orc wizard (D:3)
  3 adders
  2 worms
  2 dart slugs
  5 orcs
  5 ball pythons
  6 endoplasms
  8 giant cockroaches
  8 goblins
  9 hobgoblins
  5 quokkas
  5 bats
  5 frilled lizards
  3 kobolds
  7 rats
78 creatures vanquished.

Notes
Turn   | Place    | Note
-------+----------+-------------------------------------------
     0 | D:1      | qw the Deep Elf Hunter began the quest for the Orb.
     0 | D:1      | Reached XP level 1. HP: 12/12 MP: 3/3
     0 | D:1      | 0 ||| qw: Version: 0.3-a-22-g0ed2b0b
     0 | D:1      | 0 ||| qw: Game counter: 5045
     0 | D:1      | 0 ||| qw: Melee chars always use a shield: true
     0 | D:1      | 0 ||| qw: God list: Okawaru
     0 | D:1      | 0 ||| qw: Allow faded altars: false
     0 | D:1      | 0 ||| qw: Do Orc after clearing Dungeon:15 true
     0 | D:1      | 0 ||| qw: Do second Lair branch before Depths: true
     0 | D:1      | 0 ||| qw: Lair rune preference: random
     0 | D:1      | 0 ||| qw: Goals: Normal
     0 | D:1      | 0 ||| PLANNING D:1-11
   143 | D:1      | You fall into a shaft and drop 1 floor!
   144 | D:2      | Found a glowing silver altar of Zin.
   161 | D:2      | Reached XP level 2. HP: 16/16 MP: 4/4
   172 | D:2      | 172 ||| READING scroll labelled KYV WAOSHESEU.
   173 | D:2      | 173 ||| DROPPING scroll of butterflies.
   180 | D:2      | 180 ||| FLEEEEING.
   181 | D:2      | 181 ||| STAIRDANCE
   205 | D:1      | Reached skill level 6 in Ranged Weapons
   492 | D:1      | 492 ||| FLEEEEING.
   782 | D:1      | Reached XP level 3. HP: 20/20 MP: 5/5
   858 | D:1      | 858 ||| UPGRADING to +0 ring mail.
   868 | D:1      | 868 ||| DROPPING +0 leather armour.
   869 | D:1      | 869 ||| READING scroll labelled KUFATOUFANT.
   870 | D:1      | 870 ||| DRINKING 2 purple potions.
  1383 | D:2      | 1383 ||| UPGRADING to +1 pair of gloves.
  1388 | D:2      | 1388 ||| READING scroll labelled WAV XAOLEORONT.
  1389 | D:2      | 1389 ||| READING scroll labelled BUILOM GEITS.
  1486 | D:3      | Reached skill level 7 in Ranged Weapons
  1848 | D:3      | 1848 ||| READING scroll labelled MUORGH DYPSAR.
  1853 | D:3      | 1853 ||| READING 3 scrolls of identify.
  1853 | D:3      | 1853 ||| IDENTIFYING fizzy white potion
  1854 | D:3      | 1854 ||| READING 2 scrolls of identify.
  1854 | D:3      | 1854 ||| IDENTIFYING emerald potion
  2176 | D:3      | Found a radiant altar of Vehumet.
  2180 | D:3      | 2180 ||| Stepping ~*~*~tactically~*~*~ (outnumbered).
  2186 | D:3      | 2186 ||| FLEEEEING.
  2187 | D:3      | 2187 ||| FLEEEEING.
  2188 | D:3      | 2188 ||| FLEEEEING.
  2189 | D:3      | 2189 ||| FLEEEEING.
  2190 | D:3      | 2190 ||| FLEEEEING.
  2191 | D:3      | 2191 ||| FLEEEEING.
  2192 | D:3      | 2192 ||| FLEEEEING.
  2193 | D:3      | 2193 ||| FLEEEEING.
  2194 | D:3      | 2194 ||| FLEEEEING.
  2195 | D:3      | 2195 ||| FLEEEEING.
  2196 | D:3      | 2196 ||| FLEEEEING.
  2197 | D:3      | 2197 ||| FLEEEEING.
  2198 | D:3      | 2198 ||| FLEEEEING.
  2199 | D:3      | 2199 ||| FLEEEEING.
  2200 | D:3      | 2200 ||| FLEEEEING.
  2201 | D:3      | 2201 ||| FLEEEEING.
  2202 | D:3      | 2202 ||| FLEEEEING.
  2203 | D:3      | 2203 ||| FLEEEEING.
  2204 | D:3      | 2204 ||| FLEEEEING.
  2205 | D:3      | 2205 ||| FLEEEEING.
  2206 | D:3      | 2206 ||| FLEEEEING.
  2208 | D:3      | 2208 ||| FLEEEEING.
  2209 | D:3      | 2209 ||| FLEEEEING.
  2212 | D:3      | 2212 ||| FLEEEEING.
  2213 | D:3      | 2213 ||| FLEEEEING.
  2214 | D:3      | 2214 ||| FLEEEEING.
  2215 | D:3      | 2215 ||| FLEEEEING.
  2216 | D:3      | 2216 ||| FLEEEEING.
  2217 | D:3      | 2217 ||| FLEEEEING.
  2218 | D:3      | 2218 ||| FLEEEEING.
  2219 | D:3      | 2219 ||| FLEEEEING.
  2220 | D:3      | 2220 ||| FLEEEEING.
  2221 | D:3      | 2221 ||| FLEEEEING.
  2222 | D:3      | 2222 ||| FLEEEEING.
  2223 | D:3      | 2223 ||| FLEEEEING.
  2224 | D:3      | 2224 ||| FLEEEEING.
  2225 | D:3      | 2225 ||| FLEEEEING.
  2226 | D:3      | 2226 ||| FLEEEEING.
  2229 | D:3      | Reached XP level 4. HP: 24/25 MP: 6/6
  2391 | D:3      | Reached skill level 8 in Ranged Weapons
  2618 | D:4      | Reached XP level 5. HP: 29/29 MP: 7/7
  2768 | D:4      | Noticed an ogre
  2775 | D:4      | HP: 3/29 [ogre/+0 giant club (14)]
  2776 | D:4      | 2776 ||| DRINKING potion of heal wounds.
  2779 | D:4      | Killed an ogre
  2780 | D:4      | Reached skill level 9 in Ranged Weapons
  2802 | D:4      | Reached XP level 6. HP: 34/35 MP: 8/8
  2903 | D:4      | Noticed Dowan
  2919 | D:4      | Killed Dowan
  2924 | D:4      | Noticed Duvessa
  2929 | D:4      | HP: 6/35 [Duvessa/+0 short sword (15)]
  2929 | D:4      | Mangled by Duvessa

Levels and vault maps discovered:
D:1:      erik_arrival_blinker_ship, layout_loops_ring, minmay_crystal_room
D:2:      layout_rooms, basic_altar, serial_forest, infiniplex_forest_end_3,
          infiniplex_forest_3_way, infiniplex_forest_end_2,
          infiniplex_forest_lined_3_way, infiniplex_forest_3_way,
          infiniplex_forest_clump_long, infiniplex_forest_clump_curved
D:3:      kb_forest_paths, layout_loops_corners, vehumet_altar_wand_db
D:4:      layout_basic, uniq_sigmund, uniq_menkaure, uniq_duvessa

Skill      XL: |  1  2  3  4  5  6 |
---------------+-------------------+-----
Ranged Weapons | 6 7 8 9 |  9.8
Fighting       | 2 |  2.0
Dodging        | |  2.4
Stealth        | |  1.2

Action                     |  1- 3 |  4- 6 || total
---------------------------+-------+-------++-------
   Fire: Shortbow          |   148 |   102 ||   250
    Use: Scroll            |     7 |       ||     7
         Potion            |     1 |     1 ||     2
 Armour: Leather armour    |    12 |       ||    12
         Ring mail         |     9 |     8 ||    17
  Dodge: Dodged            |    50 |    30 ||    80

Table legend:
 A = Non-vault XP
 B = Vault XP
 C = Vault XP percentage of total XP
 D = Non-vault monster count
 E = Vault monster count
 F = Vault count percentage of total count
                 A         B        C        D         E       F
            +---------+---------+-------+---------+---------+-------
      Total |     402 |      82 |  16.9 |      70 |       8 |  10.3
            +---------+---------+-------+---------+---------+-------
        D:1 |      40 |       0 |   0.0 |      23 |       0 |   0.0
        D:2 |      21 |       0 |   0.0 |      11 |       0 |   0.0
        D:3 |      79 |      16 |  16.8 |      17 |       7 |  29.2
        D:4 |     262 |      66 |  20.1 |      19 |       1 |   5.0
            +---------+---------+-------+---------+---------+-------
